 Dungeon Crawl Stone Soup version 0.30-a0-718-geaa24f58ff (webtiles) character file.

Game seed: 10285822802506034150

7729 Pooter the Slicer (level 11, -21/97 HPs)
             Began as a Minotaur Fighter on Jan 25, 2023.
             Was a Believer of Okawaru.
             Demolished by an orc warlord
             ... wielding a +0 great sword
              (28 damage)
             ... on level 2 of the Orcish Mines.
             The game lasted 00:50:12 (9713 turns).

Pooter the Slicer (Minotaur Fighter)                Turns: 9713, Time: 00:50:12

Health: -21/97     AC: 22    Str: 25    XL:     11   Next: 0%
Magic:  14/14      EV:  8    Int:  5    God:    Okawaru [**....]
Gold:   698        SH:  0    Dex: 10    Spells: 10/10 levels left

rFire   . . .      SeeInvis .    a - +2 battleaxe (flame)
rCold   . . .      Faith    .    (shield currently unavailable)
rNeg    . . .      Spirit   .    g - +2 plate armour
rPois   .          Reflect  .    (helmet restricted)
rElec   .          Harm     .    N - +2 cloak {rCorr}
rCorr   +          Rampage  .    T - +0 pair of gloves
Will    .....                    F - +0 pair of boots Stlth
                                 l - amulet of the acrobat
HPRegen 0.36/turn                (no ring)
MPRegen 0.14/turn                (no ring)

@: mighty, heroic
A: horns 2, retaliatory headbutt
a: Renounce Religion, Heroism


You were on level 2 of the Orcish Mines.
You worshipped Okawaru.
Okawaru was pleased with you.
You visited 3 branches of the dungeon, and saw 13 of its levels.
You also visited: Sewer and Ossuary.

You collected 698 gold pieces.

Inventory:

Hand Weapons
 a - a +2 battleaxe of flaming (weapon)
   (You took it off a wight on level 10 of the Dungeon)
 b - a +0 shortbow
   (You took it off a centaur on level 7 of the Dungeon)
 i - the +9 short sword of Blood {speed, Int+3}
   (You took it off a gnoll on level 2 of the Dungeon)

   Int:       It affects your intelligence (+3).
 o - a +5 spear of freezing
   (You took it off a wight on level 5 of the Dungeon)
 v - a +4 quarterstaff of chaos
   (You took it off Crazy Yiuf on level 7 of the Dungeon)
 H - a +4 halberd
   (You took it off a wight on level 5 of the Dungeon)
 O - a +2 short sword of holy wrath
   (You took it off a kobold on level 8 of the Dungeon)
Missiles
 j - 19 boomerangs (quivered)
 y - 36 poisoned darts
 L - 2 atropa-tipped darts
 Q - 61 stones
Armour
 c - a +0 buckler
 g - a +2 plate armour (worn)
   (You found it on level 1 of the Dungeon)
 F - a +0 pair of boots (worn)
   (You found it on level 9 of the Dungeon)
 N - a +2 cloak of preservation (worn)
   (You took it off Crazy Yiuf on level 7 of the Dungeon)
 T - a +0 pair of gloves (worn)
   (You found it on level 5 of the Dungeon)
Jewellery
 l - an amulet of the acrobat (around neck)
   (You found it on level 1 of the Dungeon)
Wands
 f - a wand of flame (24)
   (You found it on level 7 of the Dungeon)
 u - a wand of paralysis (2)
   (You found it on level 7 of the Dungeon)
 I - a wand of polymorph (19)
   (You found it on level 6 of the Dungeon)
 R - a wand of mindburst (8)
   (You found it on level 9 of the Dungeon)
Scrolls
 e - 3 scrolls of magic mapping
 m - a scroll of silence
 p - a scroll of noise {!r}
 r - 3 scrolls of immolation {!r}
 t - 4 scrolls of teleportation {@r4}
 x - a scroll of vulnerability {!r}
 C - 3 scrolls of blinking
 K - 2 scrolls of fog
Potions
 d - a potion of might
 h - 2 potions of mutation {unknown}
 k - a potion of brilliance {unknown}
 q - a potion of ambrosia {unknown}
 s - 2 potions of curing {@q1}
 w - a potion of attraction {unknown}
 z - a potion of heal wounds {@q2}
 A - 4 potions of lignification {!q}
 G - a potion of cancellation {unknown}
 M - 2 potions of haste {@q3}


   Skills:
 + Level 9.6(14.6) Fighting
 - Level 10.0(15.0) Short Blades
 * Level 7.9(12.9) Axes
 + Level 7.6(12.6) Ranged Weapons
 - Level 3.6(8.6) Armour
 - Level 3.6(8.6) Shields
 + Level 6.2 Invocations
 + Level 4.0 Evocations


You had 10 spell levels left.
You didn't know any spells.
Your spell library contained the following spells:

 Spells                   Type           Power      Damage    Failure   Level
 Apportation              Tloc           0%         N/A       99%         1
 Foxfire                  Conj/Fire      0%         2x1d4     99%         1
 Necrotise                Necr           0%         1d4       99%         1
 Shock                    Conj/Air       0%         1d3       99%         1
 Sting                    Tmut/Pois      0%         1d3       99%         1
 Poisonous Vapours        Pois/Air       0%         N/A       100%        2
 Ignite Poison            Fire/Tmut/Pois 0%         N/A       100%        3
 Kindle Blastsparks       Fire/Tloc/Air  0%         2d10      100%        3
 Swiftness                Air            0%         N/A       100%        3
 Vhi's Electric Charge    Tloc/Air       0%         N/A       100%        3
 Airstrike                Air            0%         2d(0-16)  100%        4
 Olgreb's Toxic Radiance  Pois           0%         N/A       100%        4
 Passage of Golubria      Tloc           0%         N/A       100%        4
 Arcjolt                  Conj/Air       0%         1d10      100%        5
 Fireball                 Conj/Fire      0%         3d3       100%        5
 Freezing Cloud           Conj/Ice/Air   0%         6-21      100%        5
 Silence                  Hex/Air        0%         N/A       100%        5
 Starburst                Conj/Fire      0%         6d3       100%        6
 Lehudib's Crystal Spear  Conj/Erth      0%         10d2      100%        8
 Maxwell's Capacitive Co  Air            0%         ∞         100%        8
 Summon Small Mammal      Summ           Unusable   N/A       N/A         1

Dungeon Overview and Level Annotations

Branches:
Dungeon (10/15)            Temple (1/1) D:7            Lair (0/5) D:9
    Orc (2/2) D:10          Sewer (visited)         Ossuary (visited)
    Elf: Orc:2

Altars:
Ashenzari
Cheibriados
Dithmenos
Gozag
Hepliaklqana
Kikubaaqudgha
Okawaru
Qazlal
Trog
Uskayaw
Wu Jian
Xom
Zin

Shops:
Orc:1 ([


Innate Abilities, Weirdness & Mutations

You have a pair of horns on your head.
You reflexively headbutt those who attack you in melee.


Message History

Your Evocations skill increases to level 4!
You slash the adder! You burn the adder.
You kill the adder!
Okawaru accepts your kill.
The orc warrior returns to its original shape as it dies.
You climb upwards.
The orc warrior unwields a +0 glaive.
The orc warrior wields a +1 heavy arbalest.
The orc warrior shoots a bolt.
The bolt hits you.
There is a stone staircase leading down here.
Throw: 2 darts (atropa)
Aim: an orc warlord, wielding a +0 great sword and wearing a +2 plate armour of positive energy (76% to hit, chance to blind on hit: 0%)
Okay, then.
Aim: an orc warlord, wielding a +0 great sword and wearing a +2 plate armour of positive energy (chance to affect: 25%)
The orc warlord resists with almost no effort.
The orc warrior shoots a bolt.
The bolt closely misses you. The orc warrior barely misses you.
The orc warrior hits you from afar with a +0 halberd!
The orc warrior hits you from afar with a +0 halberd!!
The orc warrior hits you but does no damage.
The orc warrior shoots a bolt.
The bolt barely misses you.
You climb downwards.
There is a stone staircase leading up here.
You closely miss the orc warlord. You headbutt the orc warlord.
The orc warlord hits you with a +0 great sword!!
* * * LOW HITPOINT WARNING * * *
You closely miss the orc warlord.
The orc warlord hits you but does no damage.
You hit the orc warlord. You burn the orc warlord.
Your headbutt misses the orc warlord.
The orc warlord hits you with a +0 great sword!
* * * LOW HITPOINT WARNING * * *
Unknown command.
You slash the orc warlord! You burn the orc warlord.
You headbutt the orc warlord, but do no damage.
The orc warlord closely misses you.
Unknown command.
You feel very mighty all of a sudden.
The orc warlord hits you with a +0 great sword!
* * * LOW HITPOINT WARNING * * *
You barely miss the orc warlord.
You headbutt the orc warlord, but do no damage.
The orc warlord completely misses you.
You slice the orc warlord!! You burn the orc warlord!
You headbutt the orc warlord!
The orc warlord hits you with a +0 great sword!
* * * LOW HITPOINT WARNING * * *
You slice the orc warlord!! You burn the orc warlord!
You headbutt the orc warlord.
The orc warlord hits you with a +0 great sword!!
You die...

...................#
...##.......#.......
.....#....[.[.......
....................
.........[........#.
.........†.........#
...#................
.......<...).......#
...........@.....###
..........#.o.....#
#...#....###.###.##
### ###### ### ##


You could see an orc warlord.

Vanquished Creatures
  A sun demon (D:9)
  A sixfirhy (D:9)
  A gargoyle (D:9)
  An unseen horror (D:10)
  Maggie (D:8)
  A komodo dragon (D:9)
  A hellwing (D:9)
  2 trolls
  A wraith (D:10)
  A wyvern (D:9)
  A chaos spawn (D:9)
  Menkaure (D:5)
  A water moccasin (D:6)
  A swamp drake (D:8)
  3 orc warriors
  2 sky beasts (D:7)
  Pargi (Sewer)
  An ice beast (D:7)
  2 black bears
  2 ogres
  2 centaurs
  3 kobold brigands
  2 necrophages
  2 scorpions
  2 water moccasin zombies (Ossuary)
  5 bullfrogs
  10 wights
  11 killer bees
  5 howler monkeys
  3 centaur zombies (Ossuary)
  4 quasits (D:9)
  A hound (D:5)
  Crazy Yiuf (D:7)
  3 orc priests
  2 scorpion zombies (Ossuary)
  3 iguanas
  4 orc wizards
  Natasha (D:3)
  An ogre zombie (Ossuary)
  4 gnolls
  12 adders
  2 river rats (D:5)
  A shadow imp (D:7)
  An ufetubus (D:5)
  5 adder zombies (Ossuary)
  3 worms
  A dart slug (D:4)
  42 orcs
  9 bats
  An endoplasm (D:3)
  A giant cockroach (D:5)
  3 gnoll zombies (Ossuary)
  8 goblins
  5 hobgoblins
  19 kobolds
  7 quokkas
  7 ball pythons
  6 frilled lizards
  5 goblin zombies (Ossuary)
  6 hobgoblin zombies (Ossuary)
  An orc zombie (Ossuary)
  11 rats
251 creatures vanquished.

Vanquished Creatures (others)
  A human (D:5)
  6 demonic plants (D:9)
  7 plants
14 creatures vanquished.

Grand Total: 265 creatures vanquished

Notes
Turn   | Place    | Note
-------+----------+-------------------------------------------
     0 | D:1      | Pooter the Minotaur Fighter began the quest for the Orb.
     0 | D:1      | Reached XP level 1. HP: 19/19 MP: 0/0
   283 | D:1      | Reached XP level 2. HP: 27/27 MP: 1/1
   562 | D:1      | Reached XP level 3. HP: 33/33 MP: 2/2
   800 | D:2      | Identified the +9 short sword of Blood {speed, Int+3}
   891 | D:2      | Reached skill level 1 in Ranged Weapons
   891 | D:2      | Reached XP level 4. HP: 38/41 MP: 3/3
  1491 | D:3      | Reached skill level 1 in Short Blades
  2133 | D:3      | Found a glowing silver altar of Zin.
  2133 | D:3      | Noticed an angel
  2314 | D:3      | Noticed Natasha
  2319 | D:3      | Killed Natasha
  2320 | D:3      | Reached skill level 2 in Short Blades
  2320 | D:3      | Reached XP level 5. HP: 47/47 MP: 4/4
  2388 | D:4      | Found a hazy altar of Hepliaklqana.
  2429 | D:4      | Found a sand-covered staircase.
  2437 | Ossuary  | Entered an ossuary
  2496 | Ossuary  | Reached skill level 5 in Fighting
  2521 | Ossuary  | Reached skill level 5 in Axes
  2521 | Ossuary  | Reached XP level 6. HP: 56/56 MP: 5/5
  2525 | Ossuary  | Reached skill level 3 in Short Blades
  2563 | Ossuary  | Reached skill level 4 in Short Blades
  2610 | Ossuary  | Reached XP level 7. HP: 48/61 MP: 6/6
  2651 | Ossuary  | Noticed a silent spectre
  2926 | D:4      | Found a stormy altar of Qazlal.
  3268 | D:5      | Entered Level 5 of the Dungeon
  3323 | D:5      | Found a glowing drain.
  3332 | Sewer    | Entered a sewer
  3417 | Sewer    | Noticed Pargi
  3426 | Sewer    | Killed Pargi
  3501 | D:5      | Reached skill level 5 in Short Blades
  3722 | D:5      | Noticed Menkaure
  3734 | D:5      | Killed Menkaure
  3735 | D:5      | Reached XP level 8. HP: 71/71 MP: 7/7
  3768 | D:5      | Reached skill level 6 in Short Blades
  3810 | D:5      | Found a snail-covered altar of Cheibriados.
  3812 | D:5      | Found a shadowy altar of Dithmenos.
  4086 | D:5      | Found an ancient bone altar of Kikubaaqudgha.
  4681 | D:6      | Found a hide-covered altar of Uskayaw.
  5070 | D:6      | Reached skill level 7 in Short Blades
  5082 | D:6      | Reached skill level 5 in Ranged Weapons
  5160 | D:6      | Found a shimmering altar of Xom.
  5219 | D:7      | Found a staircase to the Ecumenical Temple.
  5228 | Temple   | Entered the Ecumenical Temple
  5242 | Temple   | Became a worshipper of Warmaster Okawaru
  5264 | D:7      | Reached XP level 9. HP: 79/79 MP: 8/8
  5406 | D:7      | Reached skill level 8 in Short Blades
  5407 | D:7      | Reached * piety under Okawaru
  5857 | D:7      | Found a runed translucent door.
  5858 | D:7      | Noticed Crazy Yiuf
  5979 | D:7      | Killed Crazy Yiuf
  6371 | D:8      | Noticed Maggie
  6401 | D:8      | Killed Maggie
  6402 | D:8      | Reached skill level 1 in Invocations
  6402 | D:8      | Reached skill level 1 in Evocations
  6801 | D:8      | Noticed a troll
  6810 | D:8      | Killed a troll
  6811 | D:8      | Reached skill level 9 in Short Blades
  7194 | D:9      | Noticed a gargoyle
  7209 | D:9      | Killed a gargoyle
  7209 | D:9      | Reached ** piety under Okawaru
  7343 | D:9      | Identified the +10 long sword of Peace {freeze, Contam
                  | rElec rC+ Str+2}
  7383 | D:9      | Reached XP level 10. HP: 86/90 MP: 11/11
  7417 | D:9      | Noticed a sixfirhy
  7431 | D:9      | Killed a sixfirhy
  7716 | D:9      | Noticed a two-headed ogre
  7790 | D:9      | Found a staircase to the Lair.
  7986 | D:9      | Reached skill level 10 in Short Blades
  8183 | D:9      | Noticed a sun demon
  8200 | D:9      | Killed a sun demon
  8200 | D:9      | Reached *** piety under Okawaru
  8201 | D:9      | Reached skill level 5 in Invocations
  8671 | D:10     | Entered Level 10 of the Dungeon
  9438 | D:10     | Found a staircase to the Orcish Mines.
  9446 | Orc:1    | Entered Level 1 of the Orcish Mines
  9582 | Orc:2    | Entered Level 2 of the Orcish Mines
  9690 | Orc:1    | Found Unim's Antique Weapon Shoppe.
  9690 | Orc:1    | Found Hukhiu Qoafi's Antique Armour Boutique.
  9691 | Orc:1    | Noticed an orc warlord
  9699 | Orc:2    | Reached XP level 11. HP: 97/97 MP: 11/14
  9713 | Orc:2    | Demolished by an orc warlord

Illustrated notes

Levels and vault maps discovered:
D:1:      giann_horns, layout_basic, serial_park_tiny_pond
D:2:      layout_basic
D:3:      wad_crossroads, layout_basic, zin_angel, uniq_natasha
D:4:      layout_basic, nicolae_qazlal_scattered_showers,
          mainiacjoe_overflow_brackets, lightli_ossuary_entry_decrepit_ruins
D:5:      layout_rooms, tgw_kikubaaqudgha, mainiacjoe_overflow_catch_the_wave,
          portal_sewer_entry_e, minmay_fractal_squares_diagonal_5, uniq_menkaure
D:6:      layout_basic, nicolae_uskayaw_suspiria, lemuel_round_altar
D:7:      layout_basic, minmay_temple_entry_overgrown, uniq_crazy_yiuf_cottage
D:8:      layout_basic, uniq_maggie
D:9:      layout_loops_cross, david_lair_shrubbed, serial_demonic,
          serial_demonic_c, serial_demonic_a, serial_demonic_a,
          serial_demonic_g, dk_noncrumbling_3
D:10:     layout_roguey, hiddenorc1_lemuel
Temple:   nicolae_temple_bog_church
Orc:1:    layout_caves, serial_shops, nicolae_shop_advertising_works
          [nicolae_subvault_shop_adworks], nicolae_lakefront_shop, shop, shop
Orc:2:    st_orc_mages, layout_caves, serial_shops, shop_statue,
          nicolae_orc_lava_room

Skill      XL: |  1  2  3  4  5  6  7  8  9 10 11 |
---------------+----------------------------------+-----
Axes           | 3 4 5 6 7 |  7.9
Fighting       | 4 5 6 7 8 9 |  9.6
Ranged Weapons | 1 2 3 4 5 6 7 |  7.6
Short Blades   | 2 4 5 7 9 10 | 10.0
Invocations    | 3 6 |  6.2
Evocations     | 2 3 4 |  4.0
Armour         | |  3.6
Shields        | |  3.6

Action                     |  1- 3 |  4- 6 |  7- 9 | 10-12 || total
---------------------------+-------+-------+-------+-------++-------
  Melee: War axe           |    56 |       |       |       ||    56
         Headbutt          |     9 |    30 |    57 |    51 ||   147
         Short sword       |     7 |   154 |   290 |   186 ||   637
         Punch             |       |       |     3 |     8 ||    11
         Battleaxe         |       |       |       |    36 ||    36
   Fire: Sling             |    13 |       |     3 |       ||    16
         Shortbow          |       |       |     9 |     7 ||    16
  Throw: Stone             |     1 |       |       |       ||     1
         Boomerang         |     4 |       |    14 |     9 ||    27
         Dart              |       |       |     3 |     1 ||     4
 Invoke: Heroism           |       |       |     5 |    11 ||    16
  Evoke: Wand              |       |       |     1 |     9 ||    10
    Use: Scroll            |     2 |     3 |    11 |     6 ||    22
         Potion            |       |       |     1 |     4 ||     5
 Armour: Plate armour      |    45 |    57 |    71 |    98 ||   271
         Scale mail        |     5 |       |       |       ||     5
  Dodge: Dodged            |    26 |    56 |    71 |    83 ||   236
  Block: Buckler           |    14 |    13 |    27 |       ||    54

Table legend: (Time is in decaauts)
 A = Elapsed time spent in this place.
 B = Non-inter-level travel time spent in this place.
 C = Inter-level travel time spent in this place.
 D = Time resting spent in this place.
 E = Time spent auto-exploring this place.
 F = Levels seen in this place.
 G = Mean time per level.
                   A        B        C        D        E       F      G
               +--------+--------+--------+--------+--------+-----+--------+
         Total |   9386 |   9098 |    288 |   1282 |   6046 |  15 |  625.7 |
       Dungeon |   8756 |   8476 |    280 |   1200 |   5863 |  10 |  875.6 |
        Temple |     21 |     13 |      8 |      0 |      2 |   1 |   21.0 |
  Orcish Mines |    270 |    270 |      0 |     82 |     74 |   2 |  135.0 |
         Sewer |    126 |    126 |      0 |      0 |      0 |   1 |  126.0 |
       Ossuary |    212 |    212 |      0 |      0 |    107 |   1 |  212.0 |
               +--------+--------+--------+--------+--------+-----+--------+

Top non-repeatable levels by time:
     D:9: 1378 daAuts
     D:8: 1119 daAuts
     D:6: 944 daAuts
     D:3: 855 daAuts
     D:2: 780 daAuts
     D:7: 759 daAuts
     D:5: 757 daAuts
    D:10: 746 daAuts
     D:1: 724 daAuts
     D:4: 692 daAuts
 Ossuary: 212 daAuts
   Orc:1: 145 daAuts
   Sewer: 126 daAuts
   Orc:2: 125 daAuts
  Temple: 21 daAuts
